 Dungeon Sprint DCSS version 0.28-a0-1382-g92835e5c71 (webtiles) character file.

Game seed: 8994144916505421165

70857 mhtbhm the Slayer (level 14, -16/116 HPs)
             Began as a Gargoyle Berserker on Jan 1, 2022.
             Was the Champion of Trog.
             Collided with a metal wall (20 damage)
             ... caused by Frederick
             ... in the Dungeon (Sprint III: "The Ten Rune Challenge").
             The game lasted 00:15:26 (7069 turns).

mhtbhm the Slayer (Gargoyle Berserker)              Turns: 7069, Time: 00:15:26

Health: -16/116    AC: 34    Str: 28    XL:     14   Next: 21%
Magic:  14/14      EV: 10    Int: 10    God:    Trog [******]
Gold:   2241       SH:  8    Dex:  9    Spells: 13/13 levels left

rFire   . . .      SeeInvis .   u - +7 morningstar (drain)
rCold   + . .      Faith    .   s - +0 kite shield {reflect}
rNeg    + + .      Spirit   .   b - +7 chain mail of Dathrith {rC+ rN+ Int+2}
rPois   ∞          Reflect  +   B - +2 helmet
rElec   +          Harm     .   (no cloak)
rCorr   +          Rampage  .   (no gloves)
Will    +....      NoTele   +   (no boots)
Stlth   ..........              (no amulet)
HPRegen 0.29/turn               C - ring "Boanic" {Fly rCorr Str+4}
MPRegen 0.14/turn               (no ring)

@: on berserk cooldown, flying, slowed, very slow
A: sickness immunity, AC +10, big wings, negative energy resistance 1,
electricity resistance, torment resistance 1, petrification resistance, weak 1
}: 2/10 runes: decaying, serpentine
a: Renounce Religion, Berserk, Trog's Hand, Brothers in Arms


You were in the Dungeon.
You worshipped Trog.
Trog was exalted by your worship.
You visited 1 branch You collected 4460 gold pieces.
You spent 2219 gold pieces at shops.

Inventory:

Hand Weapons
 a - a +8 antimagic dire flail
 r - a +1 war axe of holy wrath
 u - a +7 morningstar of draining (weapon)
 v - a +6 vorpal dire flail
 y - the +3 eveningstar of Dismemberment {vorpal, rF+ Str+6 Int-5 Dex+2}
   (Trog gifted it to you in the Dungeon)

   It inflicts extra damage upon your enemies.
   Str:       It affects your strength (+6).
   Int:       It affects your intelligence (-5).
   Dex:       It affects your dexterity (+2).
   rF:        It protects you from fire.
 D - the +6 great mace "Oqoam" {freeze, *Corrode Str+4 Int+5}
   (You found it in the Dungeon)

   It freezes those it strikes, dealing additional cold damage.
   It can also slow down cold-blooded creatures.
   Str:       It affects your strength (+4).
   Int:       It affects your intelligence (+5).
   *Corrode:  It may corrode you when you take damage.
Missiles
 q - 7 curare-tipped darts (quivered)
 t - 5 javelins
Armour
 b - the +7 chain mail of Dathrith (worn) {rC+ rN+ Int+2}
   (You bought it in a shop in the Dungeon)

   Int:       It affects your intelligence (+2).
   rC:        It protects you from cold.
   rN:        It protects you from negative energy.
 s - a +0 kite shield of reflection (worn)
 B - a +2 helmet (worn)
Jewellery
 C - the ring "Boanic" (left hand) {Fly rCorr Str+4}
   (You bought it in a shop in the Dungeon)

   [ring of flight]

   Str:       It affects your strength (+4).
   Fly:       It grants you flight.
   rCorr:     It protects you from acid and corrosion.
Wands
 i - a wand of flame (9)
 k - a wand of acid (11)
 p - a wand of iceblast (10)
 A - a wand of mindburst (21)
Scrolls
 h - 2 scrolls of blinking
 j - a scroll of holy word
 n - a scroll of immolation
 z - 10 scrolls of identify
 E - a scroll of fog
Potions
 c - 3 potions of curing
 d - a potion of heal wounds
 e - 3 potions of haste
 f - 3 potions of magic
 g - a potion of berserk rage
 l - a potion of ambrosia
 m - 4 potions of flight
 w - 2 potions of might
 x - a potion of attraction
Miscellaneous
 o - a phial of floods


   Skills:
 + Level 24.7 Fighting
 + Level 22.9 Maces & Flails
 + Level 1.0 Throwing
 + Level 14.8 Armour
 + Level 12.3 Dodging
 - Level 1.4 Stealth
 * Level 3.6 Shields
 + Level 5.9 Evocations


You had 13 spell levels left.
You didn't know any spells.
Your spell library was empty.

Dungeon Overview and Level Annotations

Branches:
Dungeon (1/1)

Altars:
Cheibriados
Dithmenos
Elyvilon
Fedhas
Gozag
Hepliaklqana
Kikubaaqudgha
Makhleb
Nemelex Xobeh
Okawaru
Qazlal
Ru
Sif Muna
Trog
Uskayaw
Vehumet
Wu Jian
Xom
Yredelemnul
Zin
The Shining One
Beogh
Jiyva
Lugonu

Shops:
D :![[=!*[(!:?(:=!:?

Annotations:
D Frederick


Innate Abilities, Weirdness & Mutations

You are immune to sickness and miasma.
Your stone body is resilient. (AC +10)
You are immune to poison.
Your large and strong wings let you fly.
You resist negative energy. (rN+)
You are resistant to electric shocks. (rElec)
You are resistant to unholy torment.
You are immune to petrification.
You are weak. (Str -2)


Message History

Frederick is severely wounded.
Frederick barely misses you.
You hit Frederick.
Frederick is almost dead.
You are no longer berserk.
You are exhausted.
You feel yourself slow down. Frederick hits you but does no damage.
You hit Frederick. You drain Frederick.
Frederick is almost dead.
Frederick casts a spell at you. The lance of force hits you.
* * * LOW HITPOINT WARNING * * *
You are knocked back by the lance of force.
You collide with the spellforged servitor!
The spellforged servitor is heavily damaged.
* * * LOW HITPOINT WARNING * * *
Unknown command.
Press: ? - help, v - describe, . - travel
Here: Frederick, wielding a +2 trident of freezing and wearing a +0 tower shield of reflection (almost dead, lightly drained)
The floor, spattered with blood.
Unknown command.
Aiming: Mindburst
Press: ? - help, Shift-Dir - straight line, f - Frederick
Aim: Frederick, wielding a +2 trident of freezing and wearing a +0 tower shield of reflection (almost dead, lightly drained, chance to affect: 13%)
Okay, then.
Unknown command.
Your iron troll goes berserk!
Frederick barely misses you.
Unknown command.
Frederick casts a spell at you. The iron shot hits you!!
* * * LOW HITPOINT WARNING * * *
Unknown command.
You feel much better.
Frederick points at you and mumbles some strange words.
The lance of force hits you!!
* * * LOW HITPOINT WARNING * * *
You are knocked back by the lance of force.
You slam into the metal wall!
You die...

#.#.#.#...≈≈≈≈# .#.#.##...≈≈≈≈#
#.#.#.#.......# .#.#.##.......#
#.#.#.#.......#
)#.#.#############+##############
)######## #.#.#...#).§§§§.≈(
..'.≈§≈≈# #T.#....#§§≈≈§≈§§≈
..#.§≈≈≈# #@#9#.#.#§§..§.§..
..#.#≈≈≈## ##@#.#..#..§§§§§§.
###§# §§§###≈ #.#.#.#.'..§§..§§.
☼○P§###§≈≈≈≈≈ ################§#
§☼§P#°#c≈≈§≈≈ #[..#)..#..#..§..)
§○).#○###≈≈≈≈ #...#...#..#..PPP.
§..P#...# ≈ ##'###'##..#..P.P.
#####☼§.### ###.......'..').P.P.
.°§§☼○§.).# ##.#.#####.####†.....


You could see Frederick (drained, ally target) and a friendly iron troll
(summoned, berserk).

Vanquished Creatures
  Rupert (D)
  Chuck (D)
  Frances (D)
  Donald (D)
  A nagaraja (D)
  2 dire elephants (D)
  A fire dragon (D)
  A yaktaur captain (D)
  A naga warrior (D)
  3 hydras (D)
  2 centaur warriors (D)
  Erica (D)
  5 anacondas (D)
  Urug (D)
  4 dancing weapons (D)
  4 death yaks (D)
  A deep elf knight (D)
  A skeletal warrior (D)
  3 death drakes (D)
  A spectral hydra (D)
  A lindwurm (D)
  An orange crystal statue (D)
  A deep elf zephyrmancer (D)
  An orc sorcerer (D)
  4 deep elf pyromancers (D)
  2 ugly things (D)
  A wolf spider (shapeshifter) (D)
  A cyclops (shapeshifter) (D)
  7 black mambas (D)
  2 elephants (D)
  A guardian serpent (D)
  2 cane toads (D)
  A komodo dragon (D)
  An unseen horror (D)
  A rime drake (D)
  A queen bee (D)
  3 spriggan defenders (D)
  3 wandering mushrooms (D)
  2 orc high priests (D)
  2 tyrant leeches (D)
  8 blink frogs (D)
  3 slime creatures (D)
  A shadow (D)
  3 redbacks (D)
  A spatial vortex (D)
  2 nagas (D)
  A swamp drake (D)
  3 water moccasins (D)
  A floating eye (D)
  An orc warrior (D)
  A necrophage (D)
  2 centaurs (D)
  A swamp dragon skeleton (D)
  An earth elemental (D)
  A water elemental (D)
  22 killer bees (D)
  An electric eel (D)
  A jelly (D)
  2 orc priests (D)
  Jessica (D)
  A wizard (D)
  A necromancer (D)
  An orc wizard (D)
  3 humans (D)
  A kobold demonologist (D)
  A wolf (D)
  3 adders (D)
  4 orcs (D)
  An endoplasm (D)
  2 rats (D)
149 creatures vanquished.

Vanquished Creatures (collateral kills)
  Gastronok (D)
  An orc sorcerer (D)
  A spriggan defender (D)
  2 orc warriors (D)
  10 killer bees (D)
  2 orc priests (D)
  An orc wizard (D)
  5 orcs (D)
23 creatures vanquished.

Vanquished Creatures (others)
  A bush (D)
  13 plants (D)
14 creatures vanquished.

Grand Total: 186 creatures vanquished

Notes
Turn   | Place    | Note
-------+----------+-------------------------------------------
     0 | D        | mhtbhm the Gargoyle Berserker began the quest for the Orb.
     0 | D        | Reached XP level 1. HP: 14/14 MP: 1/1
    42 | D        | Reached ** piety under Trog
    68 | D        | Noticed Jessica
    73 | D        | Killed Jessica
    74 | D        | Reached skill level 5 in Fighting
    74 | D        | Reached skill level 1 in Stealth
    74 | D        | Reached XP level 2. HP: 6/21 MP: 2/2
    74 | D        | Reached XP level 3. HP: 7/26 MP: 3/3
   355 | D        | Reached skill level 5 in Maces & Flails
   410 | D        | Reached XP level 4. HP: 32/32 MP: 4/4
   427 | D        | Gained mutation: You are dopey. (Int -2) [potion of
                  | mutation]
   427 | D        | Gained mutation: Your body sometimes deteriorates upon
                  | taking damage. [potion of mutation]
   427 | D        | Gained mutation: You tend to lose your temper in combat.
                  | [potion of mutation]
   428 | D        | Lost mutation: Your body sometimes deteriorates upon taking
                  | damage. [potion of mutation]
   428 | D        | Lost mutation: You tend to lose your temper in combat.
                  | [potion of mutation]
   428 | D        | Lost mutation: You are dopey. (Int -2) [potion of mutation]
   428 | D        | Gained mutation: You are weak. (Str -2) [potion of
                  | mutation]
   454 | D        | Noticed a water elemental
   461 | D        | Killed a water elemental
   462 | D        | Reached skill level 6 in Fighting
   462 | D        | Reached XP level 5. HP: 37/37 MP: 5/5
   522 | D        | Found a basalt altar of Yredelemnul.
   522 | D        | Found a shadowy altar of Dithmenos.
   522 | D        | Found a sacrificial altar of Ru.
   522 | D        | Noticed a necrophage
   528 | D        | Killed a necrophage
   528 | D        | Reached *** piety under Trog
   529 | D        | Reached skill level 7 in Fighting
   529 | D        | Reached skill level 5 in Armour
   532 | D        | Reached skill level 8 in Fighting
   532 | D        | Reached XP level 6. HP: 44/44 MP: 6/6
   564 | D        | Found a hide-covered altar of Uskayaw.
   564 | D        | Found an iron altar of Okawaru.
   564 | D        | Found a bloodstained altar of Trog.
   564 | D        | Found an ornate altar of the Wu Jian Council.
   564 | D        | Noticed a human
   565 | D        | Noticed a human
   573 | D        | Killed a human
   574 | D        | Reached skill level 9 in Fighting
   578 | D        | Killed a human
   578 | D        | Reached **** piety under Trog
   579 | D        | Reached skill level 10 in Maces & Flails
   579 | D        | Reached XP level 7. HP: 18/51 MP: 7/7
   802 | D        | Found a glowing silver altar of Zin.
   802 | D        | Found a glowing golden altar of the Shining One.
   802 | D        | Found a white marble altar of Elyvilon.
   803 | D        | Noticed a deep elf pyromancer
   811 | D        | Killed a deep elf pyromancer
   812 | D        | Reached skill level 10 in Fighting
   812 | D        | Reached XP level 8. HP: 59/59 MP: 8/8
   919 | D        | Found a radiant altar of Vehumet.
   919 | D        | Found a shimmering blue altar of Sif Muna.
   919 | D        | Found an ancient bone altar of Kikubaaqudgha.
  1030 | D        | Noticed a shadow
  1034 | D        | Killed a shadow
  1034 | D        | Reached ***** piety under Trog
  1035 | D        | Reached skill level 11 in Fighting
  1075 | D        | Found a blossoming altar of Fedhas.
  1075 | D        | Found a stormy altar of Qazlal.
  1075 | D        | Found a snail-covered altar of Cheibriados.
  1075 | D        | Found a burning altar of Makhleb.
  1075 | D        | Found a shimmering altar of Xom.
  1076 | D        | Found a hazy altar of Hepliaklqana.
  1076 | D        | Found an opulent altar of Gozag.
  1076 | D        | Found a sparkling altar of Nemelex Xobeh.
  1076 | D        | Found a corrupted altar of Lugonu.
  1076 | D        | Found a viscous altar of Jiyva.
  1199 | D        | Received a gift from Trog
  1496 | D        | Noticed Erica
  1508 | D        | Killed Erica
  1509 | D        | Reached skill level 1 in Evocations
  1509 | D        | Reached XP level 9. HP: 34/65 MP: 9/9
  1944 | D        | Noticed a centaur warrior
  1955 | D        | Killed a centaur warrior
  1956 | D        | Reached skill level 12 in Fighting
  1956 | D        | Reached skill level 5 in Dodging
  1957 | D        | Reached skill level 15 in Maces & Flails
  2167 | D        | Killed an unseen horror
  2168 | D        | Reached skill level 13 in Fighting
  2168 | D        | Reached skill level 10 in Armour
  2229 | D        | Noticed a wandering mushroom
  2233 | D        | Noticed a wandering mushroom
  2235 | D        | Noticed a wandering mushroom
  2242 | D        | Killed a wandering mushroom
  2251 | D        | Killed a wandering mushroom
  2252 | D        | Reached XP level 10. HP: 60/73 MP: 10/10
  2420 | D        | Received a gift from Trog
  2431 | D        | Reached skill level 14 in Fighting
  2444 | D        | Reached ****** piety under Trog
  2450 | D        | Received a gift from Trog
  2477 | D        | Received a gift from Trog
  2721 | D        | Noticed an orc sorcerer
  2721 | D        | Found Qayhobath's General Store.
  2721 | D        | Noticed an orc sorcerer
  2731 | D        | Killed an orc sorcerer
  2731 | D        | Received a gift from Trog
  2732 | D        | Reached skill level 15 in Fighting
  2737 | D        | Paralysed by an orc sorcerer for 3 turns
  2745 | D        | Killed an orc sorcerer
  2747 | D        | Received a gift from Trog
  3006 | D        | Bought a potion of heal wounds for 50 gold pieces
  3006 | D        | Bought a scroll of blinking for 75 gold pieces
  3006 | D        | Bought a scroll of blinking for 75 gold pieces
  3055 | D        | Noticed a deep elf pyromancer
  3055 | D        | Noticed a deep elf knight
  3055 | D        | Noticed a deep elf zephyrmancer
  3055 | D        | Noticed a deep elf pyromancer
  3055 | D        | Noticed a deep elf pyromancer
  3063 | D        | Killed a deep elf pyromancer
  3063 | D        | Received a gift from Trog
  3064 | D        | Reached XP level 11. HP: 83/83 MP: 11/11
  3065 | D        | Noticed a deep elf annihilator
  3067 | D        | Killed a deep elf knight
  3068 | D        | Reached skill level 16 in Fighting
  3069 | D        | Noticed a deep elf annihilator
  3070 | D        | Killed a deep elf pyromancer
  3078 | D        | Noticed a deep elf death mage
  3080 | D        | Killed a deep elf pyromancer
  3082 | D        | Killed a deep elf zephyrmancer
  3184 | D        | Noticed a deep elf master archer
  3325 | D        | Noticed Donald
  3325 | D        | Noticed Frances
  3341 | D        | Killed Frances
  3353 | D        | Killed Donald
  3353 | D        | Received a gift from Trog
  3354 | D        | Reached skill level 17 in Fighting
  3705 | D        | Reached skill level 5 in Evocations
  3769 | D        | Received a gift from Trog
  4035 | D        | Noticed a lindwurm
  4039 | D        | Killed a lindwurm
  4123 | D        | Reached skill level 18 in Fighting
  4124 | D        | Noticed Urug
  4132 | D        | Killed Urug
  4133 | D        | Reached XP level 12. HP: 92/92 MP: 2/12
  4166 | D        | Noticed a seven-headed hydra
  4166 | D        | Noticed an eight-headed hydra
  4178 | D        | Killed a seven-headed hydra
  4181 | D        | Killed an eight-headed hydra
  4189 | D        | Reached skill level 10 in Dodging
  4298 | D        | Noticed an anaconda
  4301 | D        | Received a gift from Trog
  4309 | D        | Killed an anaconda
  4310 | D        | Reached skill level 19 in Fighting
  4319 | D        | Received a gift from Trog
  4449 | D        | Noticed an anaconda
  4450 | D        | Noticed an anaconda
  4455 | D        | Killed an anaconda
  4459 | D        | Killed an anaconda
  4671 | D        | Noticed an anaconda
  4672 | D        | Noticed an anaconda
  4676 | D        | Killed an anaconda
  4677 | D        | Reached skill level 20 in Fighting
  4686 | D        | Killed an anaconda
  4688 | D        | Received a gift from Trog
  4844 | D        | Noticed a nagaraja
  4846 | D        | Noticed a naga warrior
  4864 | D        | Killed a naga warrior
  4868 | D        | Killed a nagaraja
  4870 | D        | Found Pefaqad's Antique Armour Shop.
  4870 | D        | Found Duthrag's Jewellery Shoppe.
  4877 | D        | Received a gift from Trog
  4901 | D        | Found Vout's Distillery.
  4910 | D        | Bought a potion of heal wounds for 50 gold pieces
  4910 | D        | Bought a potion of heal wounds for 50 gold pieces
  4910 | D        | Bought a potion of haste for 100 gold pieces
  4910 | D        | Bought a potion of might for 40 gold pieces
  4910 | D        | Bought a potion of might for 40 gold pieces
  4925 | D        | Got a serpentine rune of Zot
  5015 | D        | Reached skill level 21 in Fighting
  5097 | D        | Reached XP level 13. HP: 104/104 MP: 13/13
  5112 | D        | Received a gift from Trog
  5229 | D        | Noticed Rupert
  5239 | D        | Killed Rupert
  5313 | D        | Reached skill level 22 in Fighting
  5317 | D        | Received a gift from Trog
  5335 | D        | Noticed an azure jelly
  5335 | D        | Noticed an azure jelly
  5611 | D        | Found Sough's Book Shoppe.
  5611 | D        | Found Jopodeih's Distillery.
  5611 | D        | Found Hirialih's Antique Armour Emporium.
  5649 | D        | Bought a brightly glowing chain mail for 266 gold pieces
  5649 | D        | Identified the +7 chain mail of Dathrith {rC+ rN+ Int+2}
                  | (You bought it in a shop in the Dungeon)
  5667 | D        | Received a gift from Trog
  5680 | D        | Got a decaying rune of Zot
  5749 | D        | Noticed a dire elephant
  5749 | D        | Noticed a dire elephant
  5749 | D        | Noticed Gastronok
  5755 | D        | Killed a dire elephant
  5764 | D        | Killed a dire elephant
  5765 | D        | Reached skill level 23 in Fighting
  5775 | D        | Killed Gastronok
  5775 | D        | Identified the +3 eveningstar of Dismemberment {vorpal, rF+
                  | Str+6 Int-5 Dex+2} (Trog gifted it to you in the Dungeon)
  5775 | D        | Received a gift from Trog
  5895 | D        | Reached skill level 1 in Throwing
  5940 | D        | Noticed a yaktaur captain
  5992 | D        | Found Myexona's Magic Scroll Emporium.
  5992 | D        | Found Qusoor's Book Shop.
  5992 | D        | Found Quracah's Magic Scroll Shoppe.
  5992 | D        | Found Fosiqiq's Book Boutique.
  5992 | D        | Found Qobry's Antique Weapon Emporium.
  5992 | D        | Found Atoezy's Distillery.
  5992 | D        | Found Leutroyc's Book Shop.
  5992 | D        | Found Jiomed's Weapon Shop.
  5992 | D        | Found Wibimm's Distillery.
  5992 | D        | Found Weprug's Antique Armour Emporium.
  5992 | D        | Found Jischess's Jewellery Boutique.
  6022 | D        | Bought a scroll of brand weapon for 280 gold pieces
  6028 | D        | Bought a glowing helmet for 142 gold pieces
  6035 | D        | Bought the ring "Boanic" {Fly rCorr Str+4} for 423 gold
                  | pieces
  6040 | D        | Bought a scroll of acquirement for 572 gold pieces
  6042 | D        | Bought a scroll of identify for 28 gold pieces
  6042 | D        | Bought a scroll of fog for 28 gold pieces
  6043 | D        | Acquired 1112 gold pieces
  6205 | D        | Received a gift from Trog
  6464 | D        | Identified the +0 chain mail of the Orange Skies {-Cast
                  | Harm *Slow Stlth+}
  6568 | D        | Noticed a fire dragon
  6579 | D        | Killed a fire dragon
  6580 | D        | Reached skill level 24 in Fighting
  6704 | D        | Received a gift from Trog
  6705 | D        | Gained mutation: Your large and strong wings let you fly.
                  | [Gargoyle growth]
  6705 | D        | Reached XP level 14. HP: 116/116 MP: 14/14
  6774 | D        | Identified the +6 great mace "Oqoam" {freeze, *Corrode
                  | Str+4 Int+5}
  6858 | D        | Reached skill level 1 in Shields
  6962 | D        | Noticed Chuck
  6968 | D        | Received a gift from Trog
  6995 | D        | Killed Chuck
  7000 | D        | Identified the +10 mace "Qazaypas" {vorpal, Drain +Blink
                  | rF+++ Dex+2}
  7046 | D        | Noticed Frederick
  7069 | D        | HP: 4/116 [Frederick/lance of force (30)]
  7069 | D        | Collided with a metal wall

Illustrated notes

Levels and vault maps discovered:
D:        dungeon_sprint_mu [sprint_mu_entry_cave, sprint_mu_temple_rooms,
          sprint_mu_d1_horrors, sprint_mu_d2_genie, sprint_mu_d3_branching,
          sprint_mu_orc_legion, sprint_mu_elf_gauntlet, sprint_mu_hive_nellie,
          sprint_mu_lair_fedhas, sprint_mu_vaults_butterflies,
          sprint_mu_slime_circle, sprint_mu_swamp_cave, sprint_mu_snake_twists,
          sprint_mu_blade_basic, sprint_mu_crypt_lich, sprint_mu_tomb_spiral,
          sprint_mu_vestibule_basic, sprint_mu_gehenna_hellfire,
          sprint_mu_dis_giant, sprint_mu_tartarus_statrot,
          sprint_mu_cocytus_islands, sprint_mu_zot1]

Skill      XL: |  1  2  3  4  5  6  7  8  9 10 11 12 13 14 |
---------------+-------------------------------------------+-----
Fighting       | 5 6 8 9 10 11 13 15 18 21 24 | 24.7
Maces & Flails | 4 5 6 8 10 11 14 15 17 19 20 22 | 22.9
Armour         | 3 4 5 6 8 9 10 11 14 | 14.8
Dodging        | 2 3 4 5 7 9 11 12 | 12.3
Stealth        | 1 |  1.4
Evocations     | 1 3 5 |  5.9
Throwing       | 1 |  1.0
Shields        | 3 |  3.6

Action                   |  1- 3 |  4- 6 |  7- 9 | 10-12 | 13-15 || total
-------------------------+-------+-------+-------+-------+-------++-------
Melee: Mace              |    25 |    26 |    26 |       |       ||    77
       Flail             |       |       |    48 |    79 |       ||   127
       Dire flail        |       |       |       |   178 |   253 ||   431
       Great mace        |       |       |       |    18 |       ||    18
       Morningstar       |       |       |       |       |    57 ||    57
Throw: Dart              |       |       |       |       |     1 ||     1
Invok: Berserk           |     3 |     3 |     8 |    11 |     8 ||    33
       Brothers in Arms  |       |       |       |     3 |     3 ||     6
       Trog's Hand       |       |       |       |     1 |     1 ||     2
Evoke: Wand              |       |       |     2 |     4 |       ||     6
       Phial of floods   |       |       |       |     2 |       ||     2
  Use: Potion            |       |     2 |       |     2 |     2 ||     6
       Scroll            |       |       |       |     4 |     3 ||     7
 Stab: Sleeping          |     1 |       |       |       |       ||     1
Armor: Leather armour    |     5 |       |    33 |    82 |     3 ||   123
       Chain mail        |       |       |       |       |   124 ||   124
Dodge: Dodged            |    10 |     7 |    34 |   145 |    99 ||   295
Block: Kite shield       |       |       |       |       |     7 ||     7
       Reflection        |       |       |       |       |     1 ||     1

Table legend: (Time is in decaauts)
 A = Elapsed time spent in this place.
 B = Non-inter-level travel time spent in this place.
 C = Inter-level travel time spent in this place.
 D = Time resting spent in this place.
 E = Time spent auto-exploring this place.
 F = Levels seen in this place.
 G = Mean time per level.
                   A        B        C        D        E       F      G
               +--------+--------+--------+--------+--------+-----+--------+
         Total |   7165 |   7132 |     33 |   4947 |    130 |   1 | 7165.0 |
       Dungeon |   7165 |   7132 |     33 |   4947 |    130 |   1 | 7165.0 |
               +--------+--------+--------+--------+--------+-----+--------+

Top non-repeatable levels by time:
       D: 7165 daAuts
